AoeStats
← 739697286

Arena

506999938Analyzed
4v4 RM · 18d ago on Sep 16, 2026· 39m 28s· 8 players
Game mode
Random Map
Map size
Large (8 player)
Population
200
Speed
Normal
Resources
Standard
Victory
Conquest
Starting age
Dark Age
Ending age
Imperial Age
RankedLock teamsTeams togetherTeam positionsShared explorationLock speedFull tech treeHidden civsTurbo modeCheats
Victory
Defeat
🇦🇷 Mongols · Argentina
1588
+11
🇪🇸 Bohemians · Spain
1542
+12
🇨🇳 Celts · China
1508
+14
🇨🇴 Hindustanis · Colombia
1474
+15
🇦🇷 Persians · Argentina
1554
-17
🇦🇷 Spanish · Argentina
1481
-14
🇲🇽 Bohemians · Mexico
1419
-11
1393
-10
EXILE | ROBoTeCh
2:15 Loom
11:14 Feudal Age
15:45 Castle Age
13:53 Double-Bit Axe
16:55 Bow Saw
22:28 Horse Collar
23:35 Wheelbarrow
24:29 Heavy Plow
25:56 Hand Cart
29:04 Imperial Age
29:13 Imperial Age
28:10 Forging
28:01 Scale Mail Armor
27:45 Pikeman
28:25 Squires
28:11 Arson
29:33 Chemistry
29:25 Padded Archer Armor
32:16 Padded Archer Armor
33:42 Leather Archer Armor
EXILE | Princess Ani
11:40 Feudal Age
13:50 Double-Bit Axe
17:06 Castle Age
19:12 Bow Saw
22:58 Loom
27:30 Wheelbarrow
27:45 Gold Mining
27:46 Stone Mining
30:37 Imperial Age
29:19 Scale Barding Armor
29:24 Forging
30:11 Hand Cart
30:08 Careening
30:22 Chain Barding Armor
30:17 Bloodlines
30:08 Husbandry
30:49 Cavalier
32:43 Elite Skirmisher
EXILE | Alebrije
10:40 Feudal Age
15:04 Castle Age
13:41 Double-Bit Axe
14:24 Horse Collar
16:28 Bow Saw
18:06 Gold Mining
21:47 Wheelbarrow
28:10 Imperial Age
25:27 Loom
25:59 Stone Mining
26:27 Padded Archer Armor
26:36 Town Watch
27:45 Fortified Wall
28:29 Leather Archer Armor
28:37 Fletching
28:13 Pikeman
29:08 Bloodlines
28:59 Husbandry
29:09 Heavy Plow
29:47 Hand Cart
30:23 Conscription
32:03 Chemistry
31:25 Bodkin Arrow
36:19 Ballistics
36:09 Masonry
37:58 Ring Archer Armor
37:36 Elite Conquistador
EXILE | Obi
4:49 Loom
11:36 Feudal Age
15:28 Castle Age
13:38 Double-Bit Axe
13:58 Horse Collar
17:38 Wheelbarrow
17:30 Bow Saw
24:40 Hand Cart
24:49 Stone Mining
25:27 Gold Mining
27:02 Town Watch
29:55 Imperial Age
28:25 Stone Shaft Mining
28:26 Gold Shaft Mining
29:01 Scale Barding Armor
30:05 Bloodlines
29:56 Husbandry
30:17 Chain Barding Armor
30:09 Forging
29:47 Elite War Elephant
31:00 Heavy Plow
32:03 Two-Man Saw
31:43 Plate Barding Armor
31:44 Iron Casting
31:58 Conscription
35:05 Crop Rotation
yhoneyder.delrio
10:04 Feudal Age
13:49 Castle Age
12:10 Double-Bit Axe
12:28 Horse Collar
13:05 Gold Mining
15:15 Bow Saw
20:49 Wheelbarrow
24:01 Hand Cart
23:33 Town Watch
27:19 Imperial Age
24:59 Scale Barding Armor
26:07 Bloodlines
25:57 Husbandry
26:46 Chain Barding Armor
27:15 Gold Shaft Mining
26:39 Stone Mining
27:12 Loom
28:05 Forging
27:51 Heavy Camel Rider
29:07 Plate Barding Armor
30:10 Chemistry
30:18 Conscription
31:32 Imperial Camel Rider
32:51 Iron Casting
36:47 Caravan
36:51 Pikeman
37:32 Squires
37:32 Scale Mail Armor
38:33 Blast Furnace
King of Puchi
10:48 Feudal Age
14:38 Castle Age
13:38 Double-Bit Axe
13:38 Horse Collar
15:40 Bow Saw
17:57 Fervor
19:25 Loom
19:29 Town Watch
20:37 Wheelbarrow
26:46 Imperial Age
25:49 Hand Cart
25:42 Heavy Plow
26:51 Chemistry
26:26 Town Patrol
27:32 Padded Archer Armor
30:37 Leather Archer Armor
33:02 Ring Archer Armor
33:28 Siege Engineers
34:07 Conscription
33:56 Wagenburg Tactics
33:22 Sappers
33:47 Sappers
34:19 Houfnice
嚯嚯嚯嚯
9:46 Feudal Age
11:20 Double-Bit Axe
14:18 Castle Age
12:03 Horse Collar
19:35 Fletching
20:43 Bodkin Arrow
21:49 Gold Mining
23:26 Bow Saw
24:30 Wheelbarrow
24:29 Stone Mining
29:12 Imperial Age
27:07 Padded Archer Armor
28:18 Hand Cart
29:32 Leather Archer Armor
29:29 Heavy Plow
30:07 Ballistics
30:03 Bracer
29:39 Elite Mangudai
31:28 Conscription
31:13 Husbandry
31:53 Gold Shaft Mining
32:24 Stone Shaft Mining
32:09 Bloodlines
32:05 Thumb Ring
32:58 Parthian Tactics
32:08 Capped Ram
34:55 Chemistry
34:02 Light Cavalry
35:01 Siege Ram
37:24 Onager
39:05 Siege Engineers
739697286
11:37 Feudal Age
12:28 Double-Bit Axe
15:13 Castle Age
13:04 Horse Collar
13:42 Gold Mining
16:15 Heavy Plow
16:27 Bow Saw
16:55 Loom
20:21 Loom
21:27 Wheelbarrow
24:18 Pikeman
25:13 Forging
25:04 Scale Mail Armor
25:14 Forging
25:04 Scale Mail Armor
25:14 Forging
25:04 Scale Mail Armor
25:46 Gold Shaft Mining
25:02 Stone Mining
26:21 Hand Cart
28:44 Imperial Age
26:13 Pikeman
26:15 Man-at-Arms
27:56 Stone Shaft Mining
28:36 Chain Mail Armor
28:56 Iron Casting
28:36 Chain Mail Armor
28:56 Iron Casting
28:36 Chain Mail Armor
28:56 Iron Casting
28:37 Chain Mail Armor
28:57 Iron Casting
29:27 Capped Ram
29:42 Long Swordsman
30:07 Gambesons
29:43 Halberdier
32:48 Conscription
33:03 Fletching
33:14 Padded Archer Armor
33:04 Fletching
33:14 Padded Archer Armor
34:17 Blast Furnace
34:58 Stronghold
34:29 Elite Woad Raider
35:32 Siege Ram
36:58 Plate Mail Armor
Connection lost

Rejoining the realm…

Still unreachable

The connection could not be restored.

Session expired

The server has moved on; the page needs a fresh start.